 Dungeon Sprint DCSS version 0.22-a0-284-g99d1f74 (webtiles) character file.

11664 Deeps the Fencer (level 11, -4/116 HPs)
             Began as a Deep Dwarf Fighter on Mar 20, 2018.
             Was the Champion of Makhleb.
             Killed by divine providence
             ... invoked by an orc priest
              (8 damage)
             ... in the Dungeon (Sprint IX: "|||||||||||||||||||||||||||||").
             The game lasted 00:04:08 (924 turns).

Deeps the Fencer (Deep Dwarf Fighter)                Turns: 924, Time: 00:04:09

Health: -4/116     AC: 23    Str: 22    XL:     11   Next: 52%
Magic:  10/10      EV: 10    Int: 10    God:    Makhleb [******]
Gold:   690        SH: 14    Dex: 15    Spells: 10/10 levels left

rFire    . . .     SeeInvis .   p - +2 scimitar (flame)
rCold    . . .     Gourm    .   c - +0 shield
rNeg     . . .     Faith    .   A - +0 plate armour
rPois    .         Spirit   .   y - +0 helmet
rElec    .         Reflect  .   x - +0 cloak
rCorr    .         Harm     .   q - +0 pair of gloves
MR       +....     NoTele   +   (no boots)
Stlth    ..........             (no amulet)
HPRegen  0.00/turn              r - +2 ring of protection
MPRegen  0.12/turn              s - +3 ring of dexterity

@: non-regenerating, drained
A: damage resistance, heal wounds, sense surroundings 2, no regeneration
a: Heal Wounds, Minor Destruction, Lesser Servant of Makhleb, Major Destruction,
Greater Servant of Makhleb, Renounce Religion


You were in the Dungeon.
You worshipped Makhleb.
Makhleb was exalted by your worship.
You were very hungry.

You visited 1 branch You collected 690 gold pieces.

Inventory:

Hand Weapons
 a - a +0 long sword
 p - a +2 scimitar of flaming (weapon)
Armour
 b - a +0 scale mail
 c - a +0 shield (worn)
 q - a +0 pair of gloves (worn)
 x - a +0 cloak (worn)
 y - a +0 helmet (worn)
 A - a +0 plate armour (worn)
Jewellery
 r - a +2 ring of protection (left hand)
 s - a +3 ring of dexterity (right hand)
 u - an uncursed ring of protection from cold
Wands
 o - a wand of acid (10)
 z - a wand of digging (7)
Scrolls
 k - 2 scrolls of blinking
 m - 3 scrolls of remove curse
 n - 2 scrolls of amnesia
 v - 4 scrolls of fog
 w - a scroll of identify
Potions
 d - 2 potions of might
 e - 7 potions of curing
 g - a potion of heal wounds
 h - a potion of haste
 i - 4 potions of magic
 j - 2 potions of berserk rage
 l - a potion of invisibility
 t - a potion of brilliance
Comestibles
 f - 11 rations


   Skills:
 + Level 12.8(12.4) Fighting
 + Level 15.7(15.3) Long Blades
 + Level 14.3(13.9) Armour
 - Level 5.5(5.2) Dodging
 - Level 0.5(0.3) Stealth
 + Level 15.0(14.6) Shields


You had 10 spell levels left.
You didn't know any spells.

Dungeon Overview and Level Annotations

Branches:
Dungeon (1/1)

Altars:
Cheibriados
Dithmenos
Elyvilon
Fedhas
Gozag
Hepliaklqana
Kikubaaqudgha
Makhleb
Nemelex Xobeh
Okawaru
Qazlal
Ru
Sif Muna
Trog
Uskayaw
Vehumet
Wu Jian
Xom
Yredelemnul
Zin
The Shining One
Beogh
Jiyva
Lugonu

Shops:
D %([}


Innate Abilities, Weirdness & Mutations

You are resistant to damage.
You can heal yourself by infusing magical energy.
You passively map the area around you.
You do not regenerate.


Message History

The soul eater hits you but does no damage.
The soul eater draws from the surrounding life force!
* * * LOW HITPOINT WARNING * * *
You slash the soul eater! You burn the soul eater!
The soul eater is heavily wounded.
You hit the soul eater. You burn the soul eater.
The soul eater is heavily wounded.
The soul eater draws from the surrounding life force!
* * * LOW HITPOINT WARNING * * *
You block the soul eater's attack.
You hit the soul eater but do no damage.
The soul eater is heavily wounded.
The soul eater hits you!
* * * LOW HITPOINT WARNING * * *
You feel drained.
You hit the soul eater but do no damage.
The soul eater is heavily wounded.
The orc priest calls down the wrath of Beogh upon you.
Beogh smites you!
You die...

* ,*
▓.▓.▓.▓.▓ ,
,
,▓∩▓.▓.▓.▓.▓
* , , ,*,*
▓.▓.▓(▓.▓†▓
* *
,▓∩▓.▓)▓.▓.▓
, , *
▓o▓.▓.▓.▓.▓
, , * * *
▓3▓.▓.▓.▓[▓
*
▓o▓.▓.▓.▓[▓
, * ,
,▓3▓.▓.▓.▓.▓
,*,*+
,▓@▓.▓.▓.▓)▓
*, ,
▓$▓.▓†▓.▓|▓
, ,
,▓$▓.▓.▓.▓.▓
, ,
▓)▓.▓†▓.▓.▓
, * * *
▓$▓.▓'▓.▓'▓
, * ,* ,*
▓)▓.▓.▓.▓_▓
, , ,
,▓)▓.▓.▓.▓_▓
, ,*
,▓)▓.▓.▓.▓_▓
*
,▓.▓.▓.▓.▓_▓


You could see 2 soul eaters, an orc high priest and an orc priest.

Vanquished Creatures
  2 hydras (D)
  6 orc high priests (D)
  2 orc knights (D)
  A black mamba (D)
  Maurice (D)
  An elephant (D)
  A spiny frog (D)
  A tyrant leech (D)
  3 hippogriffs (D)
  2 blink frogs (D)
  3 yaks (D)
  A basilisk (D)
  3 vampire mosquitoes (D)
  3 water moccasins (D)
  9 orc warriors (D)
  4 porcupines (D)
  An ogre (D)
  A necrophage (D)
  A crocodile (D)
  7 bullfrogs (D)
  A crimson imp (D)
  8 orc priests (D)
  A jelly (D)
  3 orc wizards (D)
  A shadow imp (D)
  An adder skeleton (D)
  8 orcs (D)
  A giant cockroach (D)
  2 goblins (D)
  A jackal (D)
  A bat (D)
  A kobold (D)
  A rat (D)
83 creatures vanquished.

Notes
Turn   | Place    | Note
-------+----------+-------------------------------------------
     0 | D        | Deeps the Deep Dwarf Fighter began the quest for the Orb.
     0 | D        | Reached XP level 1. HP: 20/20 MP: 1/1
    24 | D        | Noticed a water moccasin
    47 | D        | Reached XP level 2. HP: 28/28 MP: 2/2
    66 | D        | Killed a water moccasin
    66 | D        | Reached skill level 5 in Fighting
    66 | D        | Reached skill level 5 in Long Blades
    66 | D        | Reached skill level 5 in Armour
    66 | D        | Reached skill level 1 in Dodging
    66 | D        | Reached XP level 3. HP: 9/39 MP: 3/3
    66 | D        | Reached XP level 4. HP: 11/46 MP: 4/4
    73 | D        | Found a roughly hewn altar of Beogh.
    73 | D        | Found a snail-covered altar of Cheibriados.
    73 | D        | Found a shadowy altar of Dithmenos.
    73 | D        | Found a white marble altar of Elyvilon.
    73 | D        | Found a blossoming altar of Fedhas.
    73 | D        | Found an opulent altar of Gozag.
    74 | D        | Found a hazy altar of Hepliaklqana.
    75 | D        | Found a viscous altar of Jiyva.
    76 | D        | Found an ancient bone altar of Kikubaaqudgha.
    77 | D        | Found a corrupted altar of Lugonu.
    78 | D        | Found a burning altar of Makhleb.
    79 | D        | Found a sparkling altar of Nemelex Xobeh.
    80 | D        | Found an iron altar of Okawaru.
    81 | D        | Found a stormy altar of Qazlal.
    82 | D        | Found a sacrificial altar of Ru.
    83 | D        | Found a deep blue altar of Sif Muna.
    84 | D        | Found a bloodstained altar of Trog.
    85 | D        | Found a hide-covered altar of Uskayaw.
    86 | D        | Became a worshipper of Makhleb the Destroyer
    88 | D        | Found a radiant altar of Vehumet.
    89 | D        | Found an ornate altar of the Wu Jian Council.
    90 | D        | Found a shimmering altar of Xom.
    91 | D        | Found a basalt altar of Yredelemnul.
    92 | D        | Found a glowing silver altar of Zin.
    93 | D        | Found a glowing golden altar of the Shining One.
   129 | D        | Noticed a bullfrog
   129 | D        | Noticed a yak
   129 | D        | Noticed a bullfrog
   133 | D        | Killed a bullfrog
   133 | D        | Reached XP level 5. HP: 55/55 MP: 4/4
   149 | D        | Killed a yak
   149 | D        | Reached * piety under Makhleb
   149 | D        | Reached XP level 6. HP: 30/63 MP: 5/5
   156 | D        | Reached ** piety under Makhleb
   164 | D        | Noticed a vampire mosquito
   164 | D        | Noticed a vampire mosquito
   174 | D        | Killed a vampire mosquito
   174 | D        | Reached XP level 7. HP: 59/72 MP: 6/6
   189 | D        | Killed a vampire mosquito
   189 | D        | Reached skill level 10 in Long Blades
   198 | D        | Reached *** piety under Makhleb
   335 | D        | Noticed a hippogriff
   336 | D        | Reached XP level 8. HP: 68/81 MP: 7/7
   340 | D        | Killed a hippogriff
   340 | D        | Reached **** piety under Makhleb
   350 | D        | Reached skill level 5 in Dodging
   350 | D        | Reached skill level 10 in Shields
   354 | D        | Reached ***** piety under Makhleb
   358 | D        | Noticed a black mamba
   375 | D        | Killed a black mamba
   375 | D        | Gained mutation: You passively map the area around you. [Deep Dwarf growth]
   375 | D        | Reached XP level 9. HP: 66/90 MP: 8/8
   381 | D        | Noticed an elephant
   381 | D        | Noticed a seven-headed hydra
   381 | D        | Noticed a seven-headed hydra
   390 | D        | Killed a three-headed hydra
   390 | D        | Reached skill level 10 in Armour
   397 | D        | Killed a two-headed hydra
   397 | D        | Reached skill level 10 in Fighting
   408 | D        | Reached XP level 10. HP: 51/103 MP: 9/9
   413 | D        | Killed an elephant
   413 | D        | Reached ****** piety under Makhleb
   443 | D        | Noticed a spiny frog
   476 | D        | Killed a spiny frog
   601 | D        | Noticed Maurice
   613 | D        | Killed Maurice
   652 | D        | Noticed an orc knight
   670 | D        | Killed an orc knight
   742 | D        | Noticed an orc high priest
   753 | D        | Noticed an orc knight
   789 | D        | Killed an orc high priest
   798 | D        | Killed an orc knight
   798 | D        | Reached XP level 11. HP: 43/114 MP: 10/10
   810 | D        | Reached skill level 15 in Long Blades
   842 | D        | Found Balaepa's Gadget Boutique.
   842 | D        | Noticed an orc high priest
   842 | D        | Noticed an orc high priest
   842 | D        | Noticed an orc high priest
   857 | D        | Killed an orc high priest
   871 | D        | Found Iminosu's Armour Shop.
   872 | D        | Noticed an orc high priest
   879 | D        | Killed an orc high priest
   883 | D        | Noticed a soul eater
   885 | D        | Killed an orc high priest
   888 | D        | Noticed a sixfirhy
   890 | D        | Killed an orc high priest
   892 | D        | Found Disaf's Antique Weapon Boutique.
   893 | D        | Noticed an orc high priest
   898 | D        | Found Tuirryah's Food Shop.
   898 | D        | Noticed an orc high priest
   899 | D        | Noticed a soul eater
   907 | D        | Noticed a soul eater
   911 | D        | Killed an orc high priest
   911 | D        | Reached skill level 15 in Shields
   923 | D        | HP: 4/116 [soul eater[an orc high priest] (2)]
   924 | D        | Killed from afar by an orc priest

Vault maps used:
D:        linesprint

Skill      XL: |  1  2  3  4  5  6  7  8  9 10 11 |
---------------+----------------------------------+-----
Fighting       | 3 5 6 7 8 10 11 12 | 12.8
Armour         | 4 5 6 7 8 9 11 13 14 | 14.3
Shields        | 4 6 7 8 9 10 12 14 15 | 15.0
Long Blades    | 5 7 9 10 12 13 14 15 | 15.7
Dodging        | 1 2 3 4 5 |  5.5
Stealth        | |  0.5

Action                   |  1- 3 |  4- 6 |  7- 9 | 10-12 || total
-------------------------+-------+-------+-------+-------++-------
Melee: Long sword        |    56 |       |       |       ||    56
       Scimitar          |       |    35 |    93 |   277 ||   405
 Abil: Heal Wounds       |       |     3 |       |     3 ||     6
  Use: Potion            |       |       |       |     2 ||     2
Armor: Scale mail        |    24 |    12 |    31 |    13 ||    80
       Plate armour      |       |       |       |    34 ||    34
Dodge: Dodged            |    14 |    11 |    38 |    42 ||   105
Block: Shield            |    28 |    22 |    38 |    97 ||   185
       Rpst.: Long sword |     6 |       |       |       ||     6
       Scimitar          |       |     4 |    12 |     9 ||    25

Table legend:
 A = Spawn XP
 B = Non-spawn XP
 C = Spawn XP percentage of total XP
 D = Spawn monster count
 E = Non-spawn monster count
 F = Spawn count percentage of total count
 G = Total turns spent on level
                    A         B        C        D         E        F      G
               +---------+---------+-------+---------+---------+-------+---------
         Total |       0 |   16664 |   0.0 |       0 |      83 |   0.0 |   924
               +---------+---------+-------+---------+---------+-------+---------
             D |       0 |   16664 |   0.0 |       0 |      83 |   0.0 |   924
               +---------+---------+-------+---------+---------+-------+---------
